 Dungeon Crawl Stone Soup version 0.21-a0-576-ge8bd8812df (webtiles) character file.

11613 Kiel97 the Spear-Bearer (level 12, -2/96 HPs)
             Began as a Human Wanderer on Dec 18, 2017.
             Was a Believer of Wu Jian.
             Slain by a komodo dragon (24 damage)
             ... on level 1 of the Lair of Beasts.
             The game lasted 00:32:35 (16009 turns).

Kiel97 the Spear-Bearer (Human Wanderer)           Turns: 16009, Time: 00:32:35

Health: -2/96      AC: 18    Str: 15    XL:     12   Next: 9%
Magic:  12/12      EV: 10    Int: 13    God:    Wu Jian [**....]
Gold:   383        SH:  2    Dex: 13    Spells: 11/11 levels left

rFire    + . .     SeeInvis +   a - +2 spear (venom)
rCold    . . .     Gourm    .   (no shield)
rNeg     . . .     Faith    .   K - +2 chain mail {rF+}
rPois    +         Spirit   .   (no helmet)
rElec    .         Reflect  +   k - +2 cloak
rCorr    .         Harm     .   (no gloves)
MR       .....     Clarity  +   (no boots)
Stlth    ..........             F - +2 amulet of reflection
HPRegen  0.26/turn              i - ring of poison resistance
MPRegen  0.13/turn              A - ring of see invisible

@: no status effects
A: icy blue scales 1, clarity, weak 1
a: Renounce Religion


You were on level 1 of the Lair of Beasts.
You worshipped Wu Jian.
Wu Jian was pleased with you.
You were not hungry.

You visited 3 branches of the dungeon, and saw 13 of its levels.
You also visited: Ossuary.

You collected 548 gold pieces.
You spent 165 gold pieces at shops.

Inventory:

Hand Weapons
 a - a +2 spear of venom (weapon)
 b - a +0 glaive
 o - the +1 whip "Zihoree" {freeze, Int+2}
   (You found it on level 4 of the Dungeon)

   It has been specially enchanted to freeze those struck by it, causing extra
   injury to most foes and up to half again as much damage against particularly
   susceptible opponents.
   It can also slow down cold-blooded creatures.
   It affects your intelligence (+2).
 q - the +8 long sword of Tender Mercy {vamp, *Noise +Inv rPois SInv, unknown}
   (You found it on level 5 of the Dungeon)

   It inflicts no extra harm, but heals its wielder when it wounds a living foe.
   It protects you from poison.
   It lets you see invisible.
   It lets you turn invisible.
   It may make noises in combat.
 B - a +0 scimitar of flaming
Missiles
 m - a throwing net (quivered)
 n - 2 javelins
Armour
 k - a +2 cloak (worn)
 K - a +2 chain mail of fire resistance (worn)
Jewellery
 i - a ring of poison resistance (left hand)
 t - the amulet of Ycekelun {Spirit rC- rN++ Str+6 SInv}
   (You took it off a wight on level 6 of the Dungeon)

   [amulet of guardian spirit]

   It causes incoming damage to be split between your health and magic.
   It affects your strength (+6).
   It makes you vulnerable to cold.
   It greatly protects you from negative energy.
   It lets you see invisible.
 A - a ring of see invisible (right hand)
 F - a +2 amulet of reflection (around neck)
Wands
 d - a wand of clouds (3)
 G - a wand of flame (12)
Scrolls
 c - 13 scrolls of teleportation
 h - 2 scrolls of immolation
 l - 4 scrolls of magic mapping
 v - 2 scrolls of fear
 w - 3 scrolls of enchant armour
 y - 4 scrolls of remove curse
Potions
 e - 4 potions of haste
 g - 2 potions of flight
 j - a potion of ambrosia
 s - 10 potions of curing
 x - a potion of invisibility
 z - 2 potions of heal wounds
 C - a potion of might
 H - a potion of mutation
Books
 D - a book of Changes

   Spells                             Type                      Level
   a - Beastly Appendage              Transmutation                1
   b - Sticks to Snakes               Transmutation                2
   c - Spider Form                    Transmutation/Poison         3
   d - Ice Form                       Ice/Transmutation            4
   e - Blade Hands                    Transmutation                5
Comestibles
 f - 18 rations


   Skills:
 + Level 9.4 Fighting
   Level 1.0 Short Blades
 * Level 11.1 Polearms
 - Level 2.0 Throwing
 * Level 9.5 Armour
 + Level 7.9 Dodging
 - Level 1.0 Stealth


You had 11 spell levels left.
You didn't know any spells.

Dungeon Overview and Level Annotations

Branches:
Dungeon (11/15)            Temple (1/1) D:7            Lair (1/6) D:10
    Orc (0/2) D:9

Altars:
Ashenzari
Cheibriados
Dithmenos
Elyvilon
Fedhas
Gozag
Hepliaklqana
Kikubaaqudgha
Makhleb
Nemelex Xobeh
Okawaru
Qazlal
Ru
Sif Muna
Trog
Uskayaw
Vehumet
Wu Jian
Xom
Yredelemnul
Zin
The Shining One

Shops:
D:6 =   D:8 ?   D:10 ?


Innate Abilities, Weirdness & Mutations

You are partially covered in icy blue scales. (AC +2)
You possess an exceptional clarity of mind.
You are weak. (Str -2)


Message History

You hit the komodo dragon but do no damage.
The komodo dragon looks as sick as possible!
The komodo dragon is moderately wounded.
The komodo dragon closely misses you.
Attack whom?
Press: ? - help, Dir - move target cursor, f/p - komodo dragon
Aim: a komodo dragon (heavily wounded, poisoned)
You reach to attack!
You hit the komodo dragon but do no damage.
The komodo dragon looks as sick as possible!
The komodo dragon is heavily wounded.
You spin and attack the komodo dragon repeatedly.
You hit the komodo dragon but do no damage.
The komodo dragon looks as sick as possible!
The komodo dragon is severely wounded.
You hit the komodo dragon but do no damage.
The komodo dragon looks as sick as possible!
The komodo dragon is severely wounded.
The komodo dragon bites you!!
You die...

###.########..).
#...............
###..†............
..##.................
........†............
.....................
...........<.........
..........l..........
.........@...........
.....................
.....................
.....................
....................
..................
.................
................


You could see a komodo dragon (pinned).

Vanquished Creatures
  Josephine (D:10)
  Erica (D:8)
  A two-headed ogre (D:9)
  Pikel (D:8)
  A spiny frog (Lair:1)
  2 trolls (D:10)
  Prince Ribbit (D:8)
  A hippogriff (D:7)
  A spriggan (D:7)
  3 wraiths (D:10)
  A wyvern (D:8)
  11 yaks
  A hungry ghost (D:8)
  A water moccasin (D:10)
  3 porcupines
  4 orc warriors
  3 sky beasts
  A black bear (D:8)
  3 ice beasts
  A phantom (D:11)
  A slave (D:8)
  6 ogres
  5 centaurs
  5 crocodiles
  A big kobold (D:11)
  5 bullfrogs
  A wyvern zombie (Ossuary)
  A water moccasin zombie (Ossuary)
  2 scorpions (D:7)
  2 water moccasin skeletons
  2 electric eels
  5 wights
  4 howler monkeys
  3 crimson imps
  2 bullfrog zombies
  2 centaur zombies
  2 jellies
  11 orc wizards
  4 orc priests
  2 hounds
  3 centaur skeletons
  4 iguanas
  7 mummies (Ossuary)
  2 worker ants
  A killer bee zombie (Ossuary)
  2 hound zombies
  2 hound skeletons
  5 worker ant zombies
  2 howler monkey zombies
  16 adders
  6 gnolls
  2 shadow imps (D:7)
  An ooze (D:5)
  4 adder zombies
  An adder skeleton (D:5)
  6 worms
  7 leopard geckos
  48 orcs
  4 giant cockroaches
  7 goblins
  4 hobgoblins
  4 quokkas
  A ball python zombie (D:5)
  3 bats
  6 frilled lizards
  A giant cockroach zombie (Ossuary)
  A jackal zombie (Ossuary)
  12 kobolds
  2 leopard gecko skeletons
  A leopard gecko zombie (D:5)
  A quokka zombie (Ossuary)
  4 rats
  A fungus (D:10)
279 creatures vanquished.

Vanquished Creatures (others)
  A crimson imp (D:11)
  2 orcs (D:8)
  38 fungi (D:10)
  16 plants (D:10)
  2 withered plants (Ossuary)
59 creatures vanquished.

Grand Total: 338 creatures vanquished

Notes
Turn   | Place    | Note
-------+----------+-------------------------------------------
     0 | D:1      | Kiel97 the Human Wanderer began the quest for the Orb.
     0 | D:1      | Kiel97 set off with: a +2 short sword, a potion of lignification, a scroll of teleportation, a +0 robe, a ration
     0 | D:1      | Reached XP level 1. HP: 21/21 MP: 1/1
   308 | D:1      | Reached XP level 2. HP: 23/27 MP: 2/2
   399 | D:1      | Reached skill level 1 in Polearms
   756 | D:1      | Gained mutation: You possess an exceptional clarity of mind. [potion of mutation]
   756 | D:1      | Gained mutation: You are weak. (Str -2) [potion of mutation]
   756 | D:1      | Gained mutation: You are partially covered in icy blue scales. (AC +2) [potion of mutation]
   768 | D:2      | Reached skill level 1 in Armour
   768 | D:2      | Reached XP level 3. HP: 33/33 MP: 3/3
  1334 | D:1      | Reached XP level 4. HP: 33/39 MP: 4/4
  1379 | D:2      | Reached skill level 2 in Polearms
  1455 | D:2      | Found a glowing golden altar of the Shining One.
  1890 | D:2      | Found a deep blue altar of Sif Muna.
  2700 | D:1      | Reached XP level 5. HP: 42/44 MP: 5/5
  3126 | D:3      | Found a blossoming altar of Fedhas.
  3977 | D:3      | Reached skill level 3 in Polearms
  3999 | D:3      | Reached XP level 6. HP: 47/51 MP: 6/6
  4067 | D:3      | Found a burning altar of Makhleb.
  4366 | D:4      | Noticed an ogre
  4400 | D:4      | HP: 1/51 [ogre/giant club (16)]
  4405 | D:4      | Killed an ogre
  4672 | D:4      | Noticed an ogre
  4681 | D:4      | Killed an ogre
  4681 | D:4      | Reached skill level 4 in Polearms
  4681 | D:4      | Reached XP level 7. HP: 52/57 MP: 7/7
  4765 | D:4      | Got a smoking whip
  4766 | D:4      | Identified the cursed +1 whip "Zihoree" {freeze, Int+2} (You found it on level 4 of the Dungeon)
  5282 | D:4      | Found a hazy altar of Hepliaklqana.
  5582 | D:5      | Entered Level 5 of the Dungeon
  5586 | D:5      | Found an iron altar of Okawaru.
  5601 | D:5      | Noticed a water elemental
  5603 | D:5      | Found a stormy altar of Qazlal.
  5604 | D:5      | Noticed a fire elemental
  5604 | D:5      | Noticed an air elemental
  5616 | D:5      | Got a scorched long sword
  5673 | D:5      | Found a shadowy altar of Dithmenos.
  5922 | D:5      | Found a sand-covered staircase.
  5927 | Ossuary  | Entered an ossuary
  6035 | Ossuary  | HP: 4/87 [howler monkey zombie (2)]
  6057 | Ossuary  | Reached skill level 5 in Polearms
  6298 | Ossuary  | Reached XP level 8. HP: 41/64 MP: 8/8
  7369 | D:5      | Found a hide-covered altar of Uskayaw.
  7454 | D:5      | Reached skill level 6 in Polearms
  8260 | D:6      | Reached XP level 9. HP: 33/71 MP: 9/9
  8637 | D:6      | Reached skill level 7 in Polearms
  8655 | D:6      | Found Dexoah's Jewellery Shop.
  8676 | D:6      | Reached skill level 5 in Dodging
  8767 | D:6      | Bought a +2 amulet of reflection for 75 gold pieces
  9363 | D:7      | Reached skill level 5 in Armour
  9761 | D:6      | Got a crude zirconium amulet
 10092 | D:7      | Reached skill level 8 in Polearms
 10180 | D:7      | Found a sparkling altar of Nemelex Xobeh.
 10214 | D:7      | Found a staircase to the Ecumenical Temple.
 10215 | D:7      | Noticed a hippogriff
 10280 | D:7      | Reached XP level 10. HP: 75/80 MP: 10/10
 10769 | Temple   | Entered the Ecumenical Temple
 10889 | Temple   | Became a worshipper of the Wu Jian Council
 11000 | D:8      | Found Icsyamn's Magic Scroll Shoppe.
 11003 | D:8      | Bought a scroll of teleportation for 45 gold pieces
 11003 | D:8      | Bought a scroll of teleportation for 45 gold pieces
 11068 | D:8      | Noticed Erica
 11147 | D:8      | Killed Erica
 11147 | D:8      | Reached skill level 9 in Polearms
 11754 | D:8      | Reached XP level 11. HP: 27/87 MP: 11/11
 12019 | D:8      | Found an opulent altar of Gozag.
 12021 | D:8      | Noticed Prince Ribbit
 12029 | D:8      | Killed Prince Ribbit
 12299 | D:8      | Noticed a manticore
 12308 | D:8      | Reached * piety under Wu Jian
 12316 | D:8      | Noticed a cyclops
 12321 | D:8      | Noticed a deep elf mage
 12341 | D:8      | Found a sacrificial altar of Ru.
 12413 | D:8      | Noticed Pikel
 12436 | D:8      | Killed Pikel
 12436 | D:8      | Reached skill level 10 in Polearms
 12548 | D:9      | Noticed a two-headed ogre
 12574 | D:9      | Killed a two-headed ogre
 12973 | D:9      | Found a white marble altar of Elyvilon.
 12973 | D:9      | Found an ancient bone altar of Kikubaaqudgha.
 13159 | D:9      | Found a staircase to the Orcish Mines.
 13541 | D:9      | Identified the amulet of Ycekelun {Spirit rC- rN++ Str+6 SInv} (You took it off a wight on level 6 of the Dungeon)
 13546 | D:10     | Entered Level 10 of the Dungeon
 13849 | D:10     | Reached ** piety under Wu Jian
 13944 | D:10     | Found a staircase to the Lair.
 14507 | D:10     | Found Omoes's Magic Scroll Boutique.
 15089 | D:10     | Noticed Josephine
 15140 | D:10     | Killed Josephine
 15167 | D:10     | Reached skill level 11 in Polearms
 15167 | D:10     | Reached XP level 12. HP: 32/95 MP: 12/12
 15504 | D:11     | Noticed an unseen horror
 15975 | Lair:1   | Entered Level 1 of the Lair of Beasts
 16009 | Lair:1   | Slain by a komodo dragon

Vault maps used:
D:1:      nzn_arrival_depleted_hourglass
D:2:      overflow_temple_1_default, nicolae_tso_carved_into_rock,
          minmay_item_behind_shaft, minmay_misc_feat_encased
D:3:      lightli_temple_of_fire, lemuel_doored_altar, first_ration
D:4:      minmay_wonky_spiral, overflow_temple_1_default, corexii_corridor_pit,
          grunt_ministairs_7
D:5:      nicolae_qazlal_style_of_elements, nicolae_overflow_hidden_temple,
          lemuel_crystal_altar, enter_ossuary_2,
          grunt_dithmenos_smoke_and_mirrors
D:6:      serial_shops, shop_fountains
D:7:      cheibrodos_helix_gallery, kennysheep_mini, minmay_temple_entry_mist,
          the_bakery
D:8:      overflow_temple_1_default, nicolae_overflow_crystal_walls,
          serial_shops, nicolae_shop_statue_plus,
          onia_ninara_dug_in_and_dangerous, uniq_erica, uniq_pikel,
          uniq_prince_ribbit1
D:9:      gammafunk_temple_overflow_elements, david_orc_2
D:10:     due_lair_maze_entry_diamond, serial_shops, shop, fountainhead,
          basic_loot_grate_trap, uniq_josephine
D:11:     nicolae_trove_entry_crossroad, fedhas_altar_1
Temple:   nicolae_temple_figure_zero
Ossuary:  ossuary_zaba_flooded

Skill      XL: |  1  2  3  4  5  6  7  8  9 10 11 |
---------------+----------------------------------+-----
Polearms       | 1 2 3 4 5 6 8 9 11 | 11.1
Armour         | 1 2 3 4 5 7 9 |  9.5
Dodging        | 2 3 4 5 6 7 |  7.9
Fighting       | 6 7 8 9 |  9.4
Short Blades   | |  1.0
Throwing       | |  2.0
Stealth        | |  1.0

Action                   |  1- 3 |  4- 6 |  7- 9 | 10-12 || total
-------------------------+-------+-------+-------+-------++-------
Melee: Spear             |   135 |   165 |   607 |   747 ||  1654
       Short sword       |     2 |       |       |       ||     2
       Trident           |       |     5 |       |       ||     5
       Glaive            |       |       |       |    42 ||    42
Throw: Javelin           |     2 |     4 |       |       ||     6
       Throwing net      |       |     3 |       |       ||     3
Invok: Lunge             |       |       |       |    35 ||    35
       Whirlwind         |       |       |       |   109 ||   109
       Wall jump         |       |       |       |     8 ||     8
Evoke: Wand              |       |       |     7 |     1 ||     8
  Use: Scroll            |     3 |     5 |     9 |     3 ||    20
       Potion            |     2 |     2 |     5 |     6 ||    15
 Stab: Sleeping          |     1 |       |     2 |       ||     3
  Eat: Chunk             |     1 |    11 |    11 |    21 ||    44
       Ration            |       |       |     2 |     1 ||     3
Armor: Leather armour    |     5 |       |       |       ||     5
       Ring mail         |    27 |    50 |   178 |     2 ||   257
       Skin              |       |       |    52 |       ||    52
       Chain mail        |       |       |       |   193 ||   193
Dodge: Dodged            |    50 |    69 |   224 |   203 ||   546
Block: Other             |       |       |     7 |    14 ||    21

Table legend:
 A = Spawn XP
 B = Non-spawn XP
 C = Spawn XP percentage of total XP
 D = Spawn monster count
 E = Non-spawn monster count
 F = Spawn count percentage of total count
 G = Total turns spent on level
                    A         B        C        D         E        F      G
               +---------+---------+-------+---------+---------+-------+---------
         Total |       0 |   16590 |   0.0 |       0 |     279 |   0.0 | 16009
               +---------+---------+-------+---------+---------+-------+---------
           D:1 |       0 |      65 |   0.0 |       0 |      19 |   0.0 |  1637
           D:2 |       0 |      82 |   0.0 |       0 |      19 |   0.0 |  1695
           D:3 |       0 |     156 |   0.0 |       0 |      20 |   0.0 |   995
           D:4 |       0 |     397 |   0.0 |       0 |      10 |   0.0 |  1255
           D:5 |       0 |     438 |   0.0 |       0 |      17 |   0.0 |  1281
           D:6 |       0 |     983 |   0.0 |       0 |      26 |   0.0 |  1506
           D:7 |       0 |    1998 |   0.0 |       0 |      34 |   0.0 |  1295
           D:8 |       0 |    4650 |   0.0 |       0 |      35 |   0.0 |  1811
           D:9 |       0 |    1438 |   0.0 |       0 |      25 |   0.0 |   794
          D:10 |       0 |    4782 |   0.0 |       0 |      32 |   0.0 |  2187
          D:11 |       0 |     367 |   0.0 |       0 |      16 |   0.0 |   242
        Lair:1 |       0 |     645 |   0.0 |       0 |       3 |   0.0 |    34
       Ossuary |       0 |     589 |   0.0 |       0 |      23 |   0.0 |  1144
               +---------+---------+-------+---------+---------+-------+---------
